[Event "EYCC Open-U18 2019"]
[Site "Bratislava"]
[Date "2019.08.09"]
[Round "8.25"]
[White "Ludvik, Tomas"]
[Black "Pirard, Natan"]
[Result "1-0"]
[ECO "A04"]
[WhiteElo "2334"]
[BlackElo "2153"]
[Annotator "NA"]
[PlyCount "81"]
[EventDate "2019.08.02"]
[EventType "swiss"]
[EventCountry "SVK"]
[SourceTitle "playchess.com"]
[Source "ChessBase"]
[SourceQuality "1"]
[TimeControl "40/5400+30:1800+30"]

1. Nf3 g6 2. g3 Bg7 3. Bg2 e5 4. d3 Ne7 5. e4 O-O 6. O-O Nbc6 7. Nbd2 h6 8. Nc4 d6 9. c3 Be6 10. Nfd2 d5 11. exd5 Bxd5 12. f3 Qd7 13. Ne4 b6 14. Bxh6 Rad8 15. Bxg7 Kxg7 16. Ne3 Be6 17. Nf2 f5 18. f4 exf4 19. gxf4 Nd5 20. Qf3 Nxe3 21. Qxe3 Rfe8 22. Qf3 Ne7 23. d4 Bd5 24. Qg3 Bxg2 25. Kxg2 Nd5 26. Rae1 Qb5 27. Nd3 Nf6 28. Ne5 Ng4 29. b3 c5 30. c4 Qa5 31. d5 Qxa2+ 32. Kg1 Qd2 33. h3 Qd4+ 34. Kh1 Rh8 35. Nxg4 fxg4 36. Qxg4 Qc3 37. Kg2 Qb2+ 38. Rf2 Qxb3 39. Re6 Rh6 40. f5 Rdh8 41. f6+ 1-0

[Event "EYCC Open-U18 2019"]
[Site "Bratislava"]
[Date "2019.08.09"]
[Round "8.26"]
[White "Castillo Dalmau, Albert"]
[Black "Leisch, Lukas"]
[Result "0-1"]
[ECO "E68"]
[WhiteElo "2252"]
[BlackElo "2327"]
[Annotator "NA"]
[PlyCount "118"]
[EventDate "2019.08.02"]
[EventType "swiss"]
[EventCountry "SVK"]
[SourceTitle "playchess.com"]
[Source "ChessBase"]
[SourceQuality "1"]
[TimeControl "40/5400+30:1800+30"]

1. Nf3 Nf6 2. c4 g6 3. g3 Bg7 4. Bg2 O-O 5. O-O d6 6. d4 Nbd7 7. Nc3 e5 8. e4 exd4 9. Nxd4 Re8 10. h3 a6 11. b3 Rb8 12. Bb2 c5 13. Nc2 b5 14. cxb5 axb5 15. Re1 b4 16. Nd5 Nxd5 17. Bxg7 Kxg7 18. Qxd5 Nf6 19. Qd3 Bb7 20. Rad1 Qa5 21. Qxd6 Rbd8 22. Qf4 Rxd1 23. Rxd1 Bxe4 24. Rd6 Nh5 25. Qe3 Bc6 26. Qd3 Bxg2 27. Kxg2 Qxa2 28. Ne3 Qa1 29. Rd7 Nf6 30. Rc7 Qe5 31. Rc6 Rd8 32. Qc4 Qe4+ 33. Qxe4 Nxe4 34. Nc4 Rd3 35. f3 Ng5 36. Rxc5 Nxf3 37. Na5 Nd4 38. Rc4 Nf5 39. Rxb4 Rxg3+ 40. Kh2 h5 41. Rb7 Rc3 42. b4 Rc2+ 43. Kg1 g5 44. b5 g4 45. hxg4 hxg4 46. Rd7 Nh4 47. Rd3 Rb2 48. Nc4 Rxb5 49. Kf2 Nf5 50. Rd2 Kg6 51. Re2 f6 52. Nd2 Rb2 53. Kg2 Rc2 54. Kg1 Nd4 55. Rg2 Rxd2 56. Rxg4+ Kf5 57. Rg8 Kf4 58. Ra8 Kg3 59. Ra3+ Nf3+ 0-1

[Event "EYCC Open-U18 2019"]
[Site "Bratislava"]
[Date "2019.08.09"]
[Round "8.28"]
[White "Brozyna, Mateusz"]
[Black "Martinez Fernandez, Adrian"]
[Result "1-0"]
[ECO "B90"]
[WhiteElo "2258"]
[BlackElo "2311"]
[Annotator "NA"]
[PlyCount "115"]
[EventDate "2019.08.02"]
[EventType "swiss"]
[EventCountry "SVK"]
[SourceTitle "playchess.com"]
[Source "ChessBase"]
[SourceQuality "1"]
[TimeControl "40/5400+30:1800+30"]

1. e4 c5 2. Nf3 d6 3. d4 cxd4 4. Nxd4 Nf6 5. Nc3 a6 6. Nb3 g6 7. Be3 Nbd7 8. f3 b5 9. a4 b4 10. Na2 a5 11. c3 bxc3 12. Nxc3 Bg7 13. Be2 O-O 14. O-O Ne5 15. Rc1 Rb8 16. Nb5 Bd7 17. Qd2 Nc6 18. Rfd1 Nb4 19. Kh1 Bc6 20. N3d4 Bb7 21. Nc2 Nc6 22. Nca3 Nd7 23. Nc4 Nb4 24. Bh6 Nc5 25. Bxg7 Kxg7 26. b3 Kg8 27. Qh6 Rc8 28. e5 Nxb3 29. Rb1 Nc5 30. Rd4 f6 31. exd6 e5 32. Rh4 Rf7 33. Nxa5 Qxa5 34. Rhxb4 Bd5 35. Qd2 Be6 36. Nc7 Nb3 37. Qe1 Rfxc7 38. dxc7 Kg7 39. R4xb3 Qxe1+ 40. Rxe1 Bxb3 41. Rc1 Be6 42. Rc6 Bd7 43. Ba6 Ra8 44. Rd6 Bc8 45. Bxc8 Rxc8 46. Rd7+ Kh6 47. Kg1 Kg5 48. Rxh7 Kf5 49. Re7 g5 50. Kf2 Kg6 51. g4 f5 52. Rxe5 fxg4 53. Rc5 Kf6 54. fxg4 Ke6 55. Kg3 Kd7 56. Rxg5 Ra8 57. Rc5 Kc8 58. a5 1-0

[Event "EYCC Open-U18 2019"]
[Site "Bratislava"]
[Date "2019.08.09"]
[Round "8.29"]
[White "Santryan, Davit"]
[Black "Jakab, Bela"]
[Result "1-0"]
[ECO "D15"]
[WhiteElo "2167"]
[BlackElo "2278"]
[Annotator "NA"]
[PlyCount "95"]
[EventDate "2019.08.02"]
[EventType "swiss"]
[EventCountry "SVK"]
[SourceTitle "playchess.com"]
[Source "ChessBase"]
[SourceQuality "1"]
[TimeControl "40/5400+30:1800+30"]

1. d4 d5 2. Nf3 Nf6 3. c4 c6 4. Nc3 a6 5. Bg5 Ne4 6. Bf4 Nxc3 7. bxc3 dxc4 8. Bxb8 Rxb8 9. Ne5 Qd5 10. e3 b5 11. Rb1 Ra8 12. Be2 Bf5 13. O-O f6 14. Bf3 Be4 15. Bxe4 Qxe4 16. Nf3 e6 17. Nd2 Qd5 18. e4 Qd7 19. Qh5+ Qf7 20. Qf3 e5 21. d5 cxd5 22. a4 Rd8 23. axb5 dxe4 24. Qxe4 Rxd2 25. bxa6 Rd8 26. Rb7 Qe6 27. a7 Qa6 28. Rb8 Qxa7 29. Qc6+ Ke7 30. Rb7+ Qxb7 31. Qxb7+ Ke6 32. Qc6+ Bd6 33. Qxc4+ Ke7 34. Ra1 Rd7 35. g3 Rc7 36. Qg4 g6 37. c4 Rhc8 38. Qh4 h5 39. Ra4 Rd7 40. Ra6 Rc5 41. Kg2 Kf7 42. Qe4 Be7 43. Ra8 Rcc7 44. Qe3 Kg7 45. Qb6 Rxc4 46. Qe6 Rcd4 47. Rg8+ Kh6 48. Rh8+ {[%emt 0:00:10] Rc4 Qb6+ Rcc7 Ra8} 1-0

[Event "EYCC Open-U18 2019"]
[Site "Bratislava"]
[Date "2019.08.09"]
[Round "8.30"]
[White "Stevanic, David"]
[Black "Bekasovs, Rihards"]
[Result "1/2-1/2"]
[ECO "C18"]
[WhiteElo "2306"]
[BlackElo "2144"]
[Annotator "NA"]
[PlyCount "84"]
[EventDate "2019.08.02"]
[EventType "swiss"]
[EventCountry "SVK"]
[SourceTitle "playchess.com"]
[Source "ChessBase"]
[SourceQuality "1"]
[TimeControl "40/5400+30:1800+30"]

1. e4 e6 2. d4 d5 3. Nc3 Bb4 4. e5 c5 5. a3 Bxc3+ 6. bxc3 Qa5 7. Bd2 Qa4 8. Qg4 Kf8 9. c4 Nc6 10. dxc5 Nxe5 11. Qf4 Nxc4 12. Nf3 Ne7 13. Ne5 f6 14. Nxc4 dxc4 15. Qxc4 Bd7 16. Qb3 Qe4+ 17. Be3 Ba4 18. Qb4 Bxc2 19. Bc4 Qxg2 20. Kd2 Bf5 21. Kc3 Qe4 22. Rac1 Nc6 23. Qxb7 Qxc4+ 24. Kxc4 Na5+ 25. Kb4 Nxb7 26. c6 a5+ 27. Ka4 Be4 28. cxb7 Bxb7 29. Rhd1 Bd5 30. Rc7 Kg8 31. Rg1 g5 32. Bd4 e5 33. Bxe5 fxe5 34. Rxg5+ Kf8 35. Rxe5 Bh1 36. f3 Rg8 37. Rf5+ Ke8 38. Rxh7 Rd8 39. Re5+ Kf8 40. Rxa5 Rg7 41. Rh8+ Rg8 42. Rh4 Rg7 1/2-1/2

[Event "EYCC Open-U18 2019"]
[Site "Bratislava"]
[Date "2019.08.09"]
[Round "8.31"]
[White "Pektas, Yigit"]
[Black "Zabolotnov, Evgeny"]
[Result "1/2-1/2"]
[ECO "E04"]
[WhiteElo "2111"]
[BlackElo "2284"]
[Annotator "NA"]
[PlyCount "142"]
[EventDate "2019.08.02"]
[EventType "swiss"]
[EventCountry "SVK"]
[SourceTitle "playchess.com"]
[Source "ChessBase"]
[SourceQuality "1"]
[TimeControl "40/5400+30:1800+30"]

1. d4 d5 2. Nf3 Nf6 3. c4 e6 4. g3 dxc4 5. Bg2 a6 6. a4 Nc6 7. O-O Rb8 8. b3 cxb3 9. Qxb3 Nxd4 10. Nxd4 Qxd4 11. Rd1 Qb6 12. Qxb6 cxb6 13. Bf4 Ra8 14. Bc7 Bd7 15. Bxb6 Bc6 16. Bxc6+ bxc6 17. Nd2 Bb4 18. Rac1 Rc8 19. Bc5 Bxd2 20. Rxd2 Ne4 21. Rb2 Nxc5 22. Rxc5 Kd7 23. Rb6 Kd6 24. Rc2 a5 25. Ra6 Rc7 26. Rxa5 c5 27. e4 Rb8 28. Kf1 Rb4 29. f3 c4 30. Ke2 Kc6 31. Rc3 Kb6 32. Ra8 Rb2+ 33. Ke3 Rxh2 34. a5+ Kb7 35. Rg8 g6 36. Rd8 Ra2 37. Rd4 Ra4 38. f4 Ka6 39. Rd8 Rxa5 40. Kd4 Ra4 41. Rb8 Ka7 42. Rb2 h5 43. Ke5 Rd7 44. Rbc2 Rc7 45. Rb2 Ra5+ 46. Kd6 Rc8 47. Rb4 e5 48. fxe5 Re8 49. Rcxc4 Re6+ 50. Kc7 Raxe5 51. Ra4+ Ra6 52. Rab4 Re7+ 53. Kc8 Ra3 54. Rc5 Ra6 55. Kd8 Rb7 56. Rxb7+ Kxb7 57. Rc7+ Kb6 58. e5 Ra5 59. Re7 Kc6 60. Ke8 Ra3 61. Rxf7 Rxg3 62. e6 h4 63. e7 Kd5 64. Kf8 Re3 65. Rh7 g5 66. Rh5 Rxe7 67. Kxe7 Ke5 68. Rxg5+ Kf4 69. Kf6 h3 70. Rh5 Kg3 71. Kf5 h2 1/2-1/2

[Event "EYCC Open-U18 2019"]
[Site "Bratislava"]
[Date "2019.08.09"]
[Round "8.32"]
[White "Triantos, Konstantinos"]
[Black "Heimisson, Hilmir Freyr"]
[Result "0-1"]
[ECO "B32"]
[WhiteElo "2129"]
[BlackElo "2279"]
[Annotator "NA"]
[PlyCount "72"]
[EventDate "2019.08.02"]
[EventType "swiss"]
[EventCountry "SVK"]
[SourceTitle "playchess.com"]
[Source "ChessBase"]
[SourceQuality "1"]
[TimeControl "40/5400+30:1800+30"]

1. e4 c5 2. Nf3 Nc6 3. d4 cxd4 4. Nxd4 e5 5. Nb5 d6 6. c4 Be7 7. Be2 Nf6 8. N1c3 a6 9. Na3 Be6 10. Be3 O-O 11. O-O Rc8 12. Rc1 h6 13. f3 Nh5 14. Nd5 Bg5 15. Nc2 Bxd5 16. Bxg5 Qxg5 17. exd5 Nd4 18. Bd3 Nf4 19. g3 Nfe2+ 20. Bxe2 Qxc1 21. Nxd4 Qe3+ 22. Kg2 exd4 23. Bd3 Rfe8 24. b3 b5 25. Rf2 bxc4 26. Bxc4 a5 27. Rd2 Qg5 28. Rxd4 Re3 29. Qd2 Rce8 30. Qxa5 Re2+ 31. Bxe2 Rxe2+ 32. Kh3 Qh5+ 33. Rh4 Qf5+ 34. Rg4 h5 35. Qd8+ Kh7 36. Qh4 g6 0-1

[Event "EYCC Open-U18 2019"]
[Site "Bratislava"]
[Date "2019.08.09"]
[Round "8.33"]
[White "Crevatin, Leo"]
[Black "Alivodic, Dario"]
[Result "1-0"]
[ECO "A40"]
[WhiteElo "2146"]
[BlackElo "2120"]
[Annotator "NA"]
[PlyCount "67"]
[EventDate "2019.08.02"]
[EventType "swiss"]
[EventCountry "SVK"]
[SourceTitle "playchess.com"]
[Source "ChessBase"]
[SourceQuality "1"]
[TimeControl "40/5400+30:1800+30"]

1. d4 e6 2. c4 d5 3. Nf3 c6 4. Qc2 f5 5. Bf4 Nf6 6. e3 Be7 7. h3 Ne4 8. Nc3 Qa5 9. Bd3 O-O 10. O-O Nd7 11. cxd5 exd5 12. a3 Qd8 13. b4 Qe8 14. b5 g5 15. Bc7 Qh5 16. bxc6 bxc6 17. Ne2 Rf6 18. Ne5 Nxe5 19. Bxe5 Rh6 20. f3 g4 21. Nf4 Qh4 22. fxe4 fxe4 23. Bxe4 gxh3 24. g3 Qxg3+ 25. Kh1 Qxe3 26. Nxd5 cxd5 27. Bxd5+ Be6 28. Rg1+ Kf8 29. Bg7+ Kf7 30. Raf1+ Rf6 31. Rxf6+ Bxf6 32. Bxa8 h2 33. Qxh2 Bxg7 34. Qc7+ 1-0

[Event "EYCC Open-U18 2019"]
[Site "Bratislava"]
[Date "2019.08.09"]
[Round "8.35"]
[White "Kozak, Antoni"]
[Black "Akdogan, Alperen"]
[Result "1-0"]
[ECO "A80"]
[WhiteElo "2365"]
[BlackElo "2193"]
[Annotator "NA"]
[PlyCount "182"]
[EventDate "2019.08.02"]
[EventType "swiss"]
[EventCountry "SVK"]
[SourceTitle "playchess.com"]
[Source "ChessBase"]
[SourceQuality "1"]
[TimeControl "40/5400+30:1800+30"]

1. d4 f5 2. Nf3 Nf6 3. g3 g6 4. Bg2 Bg7 5. O-O O-O 6. Nbd2 d6 7. Re1 Nh5 8. h3 e5 9. dxe5 dxe5 10. e4 fxe4 11. Nxe4 Qxd1 12. Rxd1 Nc6 13. c3 Nf6 14. Nxf6+ Bxf6 15. Be3 Bf5 16. Nd2 Rfd8 17. Ne4 Be7 18. b4 a6 19. a4 Rxd1+ 20. Rxd1 Rd8 21. Rxd8+ Nxd8 22. a5 Kf7 23. Kf1 Ke6 24. Ke2 Nf7 25. Nc5+ Bxc5 26. Bxc5 c6 27. c4 Nd6 28. Bxd6 Kxd6 29. c5+ Kd7 30. g4 Be6 31. g5 Bd5 32. Bf3 Be6 33. h4 Bf5 34. Ke3 Ke7 35. Be2 Kf8 36. Bc4 Ke7 37. Bb3 Ke8 38. Ba2 Ke7 39. Bc4 Ke8 40. f4 Ke7 41. Bb3 Ke8 42. Ba2 Ke7 43. Bc4 Ke8 44. Bb3 Ke7 45. fxe5 Bb1 46. Kf4 Bd3 47. Ba2 Bc2 48. Bc4 Bb1 49. Be2 Ba2 50. Bg4 Be6 51. Bf3 Kf7 52. Be4 Ke7 53. Bc2 Kf7 54. Bd3 Ke7 55. Kg3 Kf8 56. Bc2 Ke7 57. h5 Kf7 58. h6 Kf8 59. Kf4 Kf7 60. Ke3 Kf8 61. Kd4 Kf7 62. Be4 Kf8 63. Kc3 Kf7 64. Kd4 Kf8 65. Kd3 Kf7 66. Kc3 Kf8 67. b5 axb5 68. a6 bxa6 69. Bxc6 Bc4 70. Kb4 Ke7 71. Be4 Bf7 72. Bb7 Ke6 73. c6 Kxe5 74. c7 Be6 75. Kc5 b4 76. Bd5 Bc8 77. Bg8 Kf5 78. Kxb4 Kxg5 79. Kc5 a5 80. Bb3 Kxh6 81. Kd6 g5 82. Be6 Ba6 83. Kc5 g4 84. Bxg4 a4 85. Kb4 Kg5 86. Bh3 Kf6 87. Kxa4 Ke7 88. Ka5 Kd6 89. Kb6 h6 90. Bg4 h5 91. Bf5 Kd5 1-0

[Event "EYCC Open-U18 2019"]
[Site "Bratislava"]
[Date "2019.08.09"]
[Round "8.37"]
[White "Veleshnja, Zino"]
[Black "Galiana Fernandez, Adrian"]
[Result "1-0"]
[ECO "E06"]
[WhiteElo "2131"]
[BlackElo "2302"]
[Annotator "NA"]
[PlyCount "41"]
[EventDate "2019.08.02"]
[EventType "swiss"]
[EventCountry "SVK"]
[SourceTitle "playchess.com"]
[Source "ChessBase"]
[SourceQuality "1"]
[TimeControl "40/5400+30:1800+30"]

1. d4 Nf6 2. c4 e6 3. g3 d5 4. Nf3 Be7 5. Bg2 O-O 6. O-O dxc4 7. Ne5 Nc6 8. Nxc6 bxc6 9. Na3 Bxa3 10. bxa3 Ba6 11. Qd2 Rb8 12. Qa5 Rb6 13. a4 Qd6 14. a3 Rd8 15. Re1 Qe7 16. Bd2 Rd5 17. Bxd5 cxd5 18. Rab1 Ne4 19. Be3 Qd6 20. Bf4 Qc6 21. Qxa6 1-0

[Event "EYCC Open-U18 2019"]
[Site "Bratislava"]
[Date "2019.08.09"]
[Round "8.39"]
[White "Polczyk, Mikolaj"]
[Black "Mladek, Richard"]
[Result "1-0"]
[ECO "E68"]
[WhiteElo "2111"]
[BlackElo "2253"]
[Annotator "NA"]
[PlyCount "87"]
[EventDate "2019.08.02"]
[EventType "swiss"]
[EventCountry "SVK"]
[SourceTitle "playchess.com"]
[Source "ChessBase"]
[SourceQuality "1"]
[TimeControl "40/5400+30:1800+30"]

1. d4 Nf6 2. c4 g6 3. Nc3 Bg7 4. Nf3 O-O 5. g3 d6 6. Bg2 Nbd7 7. O-O e5 8. e4 c6 9. Re1 Qb6 10. Na4 Qa6 11. Bf1 exd4 12. Nxd4 Qa5 13. Rb1 Re8 14. b4 Qc7 15. f3 a5 16. b5 Nc5 17. Nxc5 dxc5 18. Bf4 Qe7 19. Nc2 Rd8 20. Qc1 Nh5 21. Bg5 Bf6 22. Be3 Ng7 23. Qa3 b6 24. bxc6 Qc7 25. Bg2 Qxc6 26. e5 Bf5 27. exf6 Bxc2 28. Rbc1 Rd3 29. Qb2 Nf5 30. Bf2 Ba4 31. f4 Qc8 32. Bxa8 Qxa8 33. Qxb6 h5 34. Rb1 Qf3 35. Qb8+ Kh7 36. Qf8 Rd8 37. Qxf7+ Kh6 38. Rb7 Rh8 39. Qd5 Qc3 40. f7 Rc8 41. Qxc5 Qh8 42. Qxf5 gxf5 43. Re6+ Kh7 44. f8=Q+ 1-0

[Event "EYCC Open-U18 2019"]
[Site "Bratislava"]
[Date "2019.08.09"]
[Round "8.40"]
[White "Rodriguez Izquierdo, Luis"]
[Black "Kizatbay, Abyl"]
[Result "0-1"]
[ECO "B54"]
[WhiteElo "2007"]
[BlackElo "2216"]
[Annotator "NA"]
[PlyCount "74"]
[EventDate "2019.08.02"]
[EventType "swiss"]
[EventCountry "SVK"]
[SourceTitle "playchess.com"]
[Source "ChessBase"]
[SourceQuality "1"]
[TimeControl "40/5400+30:1800+30"]

1. e4 c5 2. Nf3 d6 3. d4 cxd4 4. Nxd4 Nf6 5. f3 e5 6. Nb3 d5 7. Bg5 Be6 8. Bxf6 gxf6 9. exd5 Qxd5 10. Qxd5 Bxd5 11. Nc3 Be6 12. Nb5 Na6 13. c3 Ke7 14. Rd1 Bh6 15. Nd6 Rab8 16. Na5 Nc5 17. b4 Na4 18. Ndxb7 Rhc8 19. Ra1 Nxc3 20. a3 Be3 21. h4 Bd5 22. Ba6 Rc7 23. h5 Bxb7 24. Bxb7 Rbxb7 25. Nxb7 Rxb7 26. Rh4 Rc7 27. a4 f5 28. b5 f4 29. Rg4 Rd7 30. Rg7 h6 31. Rh7 Rd2 32. Rg7 e4 33. fxe4 f3 34. gxf3 Rh2 35. Rg1 Bxg1 36. Ra3 Bd4 37. Kf1 Ke6 0-1

[Event "EYCC Open-U18 2019"]
[Site "Bratislava"]
[Date "2019.08.09"]
[Round "8.41"]
[White "Cordeiro, Joao Carlos Santos F"]
[Black "Stijve, Theo"]
[Result "0-1"]
[ECO "B47"]
[WhiteElo "1924"]
[BlackElo "2336"]
[Annotator "NA"]
[PlyCount "94"]
[EventDate "2019.08.02"]
[EventType "swiss"]
[EventCountry "SVK"]
[SourceTitle "playchess.com"]
[Source "ChessBase"]
[SourceQuality "1"]
[TimeControl "40/5400+30:1800+30"]

1. e4 c5 2. Nf3 Nc6 3. d4 cxd4 4. Nxd4 Qc7 5. Nc3 e6 6. Be2 a6 7. O-O Nf6 8. Be3 Bb4 9. Na4 O-O 10. Nxc6 bxc6 11. Nb6 Rb8 12. Nxc8 Rfxc8 13. Bxa6 Rf8 14. Bd3 Bd6 15. g3 Be5 16. Rb1 Bxb2 17. Bf4 Be5 18. Bxe5 Qxe5 19. Rxb8 Rxb8 20. Qa1 Qc5 21. Rb1 Rf8 22. h3 h5 23. Kg2 h4 24. Qb2 hxg3 25. fxg3 Qe3 26. Qc1 Qa7 27. Qg5 Qd4 28. Qf4 e5 29. Qf2 Qa4 30. Qe3 Qxa2 31. Rf1 Re8 32. Qg5 Qe6 33. g4 d5 34. Qe3 Ra8 35. Re1 Ra4 36. Qf3 dxe4 37. Bxe4 Nxe4 38. Rxe4 Rxe4 39. Qxe4 Qd5 40. Kf3 f6 41. Ke3 Qxe4+ 42. Kxe4 Kf7 43. h4 g6 44. c4 Ke6 45. g5 f5+ 46. Ke3 f4+ 47. Ke4 c5 0-1

[Event "EYCC Open-U18 2019"]
[Site "Bratislava"]
[Date "2019.08.09"]
[Round "8.42"]
[White "Halfhide, Sebastian"]
[Black "Joensson, Jacob"]
[Result "1-0"]
[ECO "C05"]
[WhiteElo "2286"]
[BlackElo "1981"]
[Annotator "NA"]
[PlyCount "49"]
[EventDate "2019.08.02"]
[EventType "swiss"]
[EventCountry "SVK"]
[SourceTitle "playchess.com"]
[Source "ChessBase"]
[SourceQuality "1"]
[TimeControl "40/5400+30:1800+30"]

1. e4 e6 2. d4 d5 3. Nd2 Nf6 4. e5 Nfd7 5. Bd3 c5 6. c3 Nc6 7. Ngf3 Qb6 8. O-O cxd4 9. cxd4 Nxd4 10. Nxd4 Qxd4 11. Nf3 Qb6 12. Qa4 Qb4 13. Qc2 Nb6 14. a3 Qc5 15. Qe2 Bd7 16. Bg5 Qc7 17. Rac1 Bc6 18. Nd4 Be7 19. Nb5 Qd7 20. Bxe7 Kxe7 21. Qg4 Kf8 22. Nxa7 Nc8 23. Nxc8 Rxc8 24. b4 Ra8 25. b5 1-0

[Event "EYCC Open-U18 2019"]
[Site "Bratislava"]
[Date "2019.08.09"]
[Round "8.43"]
[White "Gray, Euan"]
[Black "Ghersinich, Enrico"]
[Result "1-0"]
[ECO "A58"]
[WhiteElo "2004"]
[BlackElo "2221"]
[Annotator "NA"]
[PlyCount "149"]
[EventDate "2019.08.02"]
[EventType "swiss"]
[EventCountry "SVK"]
[SourceTitle "playchess.com"]
[Source "ChessBase"]
[SourceQuality "1"]
[TimeControl "40/5400+30:1800+30"]

1. d4 Nf6 2. c4 c5 3. d5 b5 4. cxb5 a6 5. bxa6 g6 6. Nc3 Bg7 7. Nf3 O-O 8. a7 Rxa7 9. e4 e6 10. Be2 exd5 11. exd5 d6 12. O-O Na6 13. Bf4 Nc7 14. Bc4 Ba6 15. Bxa6 Rxa6 16. Qd2 Qa8 17. Rfd1 Rb8 18. h3 Rxb2 19. Qxb2 Ne4 20. Rac1 Nxd5 21. Rxd5 Nxc3 22. Rxc3 Qxd5 23. Qb8+ Bf8 24. Rd3 Qxa2 25. Bxd6 Ra8 26. Qb7 c4 27. Rd1 Qa4 28. Qd5 Ra5 29. Qd4 Bg7 30. Qd2 c3 31. Qc1 Bh6 32. Qb1 Rb5 33. Qa1 Qxa1 34. Rxa1 Kg7 35. Be5+ Kf8 36. Bxc3 Rb7 37. Bd4 Bf4 38. Ra8+ Ke7 39. Ra7 Rxa7 40. Bxa7 h5 41. g3 Bd6 42. Kf1 Ba3 43. Ke2 Ke6 44. Kd3 Kd5 45. Be3 Be7 46. Bd4 Bd8 47. Nd2 Ba5 48. Ne4 Bd8 49. Nc3+ Ke6 50. Ke4 f5+ 51. Kf3 g5 52. g4 fxg4+ 53. hxg4 hxg4+ 54. Kxg4 Be7 55. f3 Bd8 56. Ne4 Bc7 57. Nxg5+ Ke7 58. Kf5 Ba5 59. Ne4 Bc7 60. Be5 Bb6 61. Nc3 Kf7 62. Nd5 Bf2 63. Ke4 Be1 64. f4 Bd2 65. f5 Bc1 66. Bf4 Bb2 67. Ne3 Bc3 68. Ng2 Ba5 69. Nh4 Be1 70. Nf3 Bb4 71. Bg5 Ba5 72. Ne5+ Kf8 73. f6 Bb4 74. Kf5 Ke8 75. f7+ {[%emt 0:14:21] Kd8 Ke4+ Kd7} 1-0

[Event "EYCC Open-U18 2019"]
[Site "Bratislava"]
[Date "2019.08.09"]
[Round "8.44"]
[White "Pobor, Danilo"]
[Black "Johannsson, Birkir Isak"]
[Result "0-1"]
[ECO "D43"]
[WhiteElo "1996"]
[BlackElo "1988"]
[Annotator "NA"]
[PlyCount "70"]
[EventDate "2019.08.02"]
[EventType "swiss"]
[EventCountry "SVK"]
[SourceTitle "playchess.com"]
[Source "ChessBase"]
[SourceQuality "1"]
[TimeControl "40/5400+30:1800+30"]

1. d4 d5 2. Nf3 Nf6 3. c4 c6 4. Nc3 e6 5. Bf4 dxc4 6. e3 b5 7. a4 Bb4 8. axb5 cxb5 9. Bxb8 Rxb8 10. Rxa7 Qb6 11. Ra1 Bb7 12. Be2 O-O 13. O-O Rfc8 14. Ne5 Bd6 15. Bf3 Bxf3 16. Qxf3 Qc7 17. Qg3 b4 18. Ne2 Ne4 19. Qg4 Nd2 20. Rfd1 Nb3 21. Ra6 Bxe5 22. dxe5 c3 23. bxc3 bxc3 24. Rad6 c2 25. R1d3 c1=Q+ 26. Nxc1 Qxc1+ 27. Rd1 Qc2 28. Rd7 Qg6 29. Qb4 h6 30. Qe7 Re8 31. Qa3 Qc2 32. h3 Qc5 33. Qa4 Qxe5 34. Qa7 Qf5 35. g4 Qf3 0-1

[Event "EYCC Open-U18 2019"]
[Site "Bratislava"]
[Date "2019.08.09"]
[Round "8.45"]
[White "Durica, Adam"]
[Black "Sousa, Hugo Carneiro"]
[Result "1-0"]
[ECO "A05"]
[WhiteElo "1958"]
[BlackElo "2130"]
[Annotator "NA"]
[PlyCount "85"]
[EventDate "2019.08.02"]
[EventType "swiss"]
[EventCountry "SVK"]
[SourceTitle "playchess.com"]
[Source "ChessBase"]
[SourceQuality "1"]
[TimeControl "40/5400+30:1800+30"]

1. Nf3 Nf6 2. b3 e6 3. Bb2 d5 4. c4 Be7 5. e3 O-O 6. g3 c5 7. Bg2 Nc6 8. cxd5 Nxd5 9. O-O Bf6 10. d4 cxd4 11. exd4 Qb6 12. Na3 a5 13. Nc4 Qa7 14. Nfe5 Rd8 15. Qh5 g6 16. Qg4 Nce7 17. h4 h5 18. Qf3 Kg7 19. Rad1 Nf5 20. Ne3 Ndxe3 21. fxe3 Bxe5 22. dxe5 Rxd1 23. Rxd1 Qxe3+ 24. Kh2 a4 25. b4 a3 26. Bc3 b5 27. Rd8 Rb8 28. Bd2 Qxf3 29. Bxf3 Ne7 30. Bg5 Ng8 31. Bc6 Bb7 32. Rxb8 Bxc6 33. Bc1 Bd5 34. Rxb5 f6 35. exf6+ Kxf6 36. Bxa3 Bxa2 37. Bb2+ Ke7 38. Rb7+ Kd6 39. b5 Nh6 40. Ba3+ Ke5 41. b6 Ng4+ 42. Kg1 Bd5 43. Rd7 1-0

[Event "EYCC Open-U18 2019"]
[Site "Bratislava"]
[Date "2019.08.09"]
[Round "8.46"]
[White "Bulockin, Martin"]
[Black "Baranciuc, Alexandr"]
[Result "1-0"]
[ECO "A45"]
[WhiteElo "2210"]
[BlackElo "1901"]
[Annotator "NA"]
[PlyCount "67"]
[EventDate "2019.08.02"]
[EventType "swiss"]
[EventCountry "SVK"]
[SourceTitle "playchess.com"]
[Source "ChessBase"]
[SourceQuality "1"]
[TimeControl "40/5400+30:1800+30"]

1. d4 Nf6 2. Bf4 c5 3. e3 cxd4 4. exd4 d5 5. c3 Nc6 6. Nd2 Bf5 7. Ngf3 e6 8. Qb3 Qc8 9. h3 Be7 10. Be2 O-O 11. O-O a6 12. Nh4 Bg6 13. Nxg6 hxg6 14. a4 Na5 15. Qa2 b5 16. Rfc1 Qb7 17. b3 Rfc8 18. Rab1 Qd7 19. Bf3 Nh5 20. Be3 Ra7 21. Ra1 Nc6 22. Qb1 Bd6 23. Qd3 Nf4 24. Qf1 Qb7 25. c4 b4 26. g3 Nh5 27. cxd5 exd5 28. Bxd5 Raa8 29. Qg2 Qe7 30. Nf1 Nxd4 31. Bxd4 Rxc1 32. Rxc1 Rd8 33. Bb6 Rd7 34. Bc6 1-0

[Event "EYCC Open-U18 2019"]
[Site "Bratislava"]
[Date "2019.08.09"]
[Round "8.47"]
[White "Toquero Gracia, Pau"]
[Black "Korjus, Onni"]
[Result "1-0"]
[ECO "C91"]
[WhiteElo "2080"]
[BlackElo "1848"]
[Annotator "NA"]
[PlyCount "63"]
[EventDate "2019.08.02"]
[EventType "swiss"]
[EventCountry "SVK"]
[SourceTitle "playchess.com"]
[Source "ChessBase"]
[SourceQuality "1"]
[TimeControl "40/5400+30:1800+30"]

1. e4 e5 2. Nf3 Nc6 3. Bb5 a6 4. Ba4 Nf6 5. O-O Be7 6. Re1 b5 7. Bb3 d6 8. c3 O-O 9. d4 exd4 10. Nxd4 Nxd4 11. cxd4 c5 12. Bg5 Nd7 13. Bxe7 Qxe7 14. d5 Bb7 15. Nd2 c4 16. Bc2 Nc5 17. Nf3 f6 18. Nd4 g6 19. f4 Bc8 20. b4 cxb3 21. axb3 Bd7 22. b4 Na4 23. Bxa4 bxa4 24. Nc6 Qe8 25. Qxa4 Bxc6 26. dxc6 Rc8 27. Rac1 Rf7 28. Qxa6 Re7 29. Qc4+ Kg7 30. b5 Qd8 31. Qd4 Rb8 32. b6 1-0

[Event "EYCC Open-U18 2019"]
[Site "Bratislava"]
[Date "2019.08.09"]
[Round "8.48"]
[White "Horak, Jan"]
[Black "Winkin, Pol"]
[Result "1-0"]
[ECO "C72"]
[WhiteElo "2020"]
[BlackElo "1840"]
[Annotator "NA"]
[PlyCount "79"]
[EventDate "2019.08.02"]
[EventType "swiss"]
[EventCountry "SVK"]
[SourceTitle "playchess.com"]
[Source "ChessBase"]
[SourceQuality "1"]
[TimeControl "40/5400+30:1800+30"]

1. e4 e5 2. Nf3 Nc6 3. Bb5 a6 4. Ba4 d6 5. O-O Bd7 6. c3 Nf6 7. Re1 Be7 8. d4 h6 9. Bc2 O-O 10. Nbd2 Re8 11. Nf1 Bf8 12. d5 Ne7 13. Ng3 c6 14. c4 Ng6 15. h3 b5 16. cxb5 axb5 17. Be3 Nf4 18. Qd2 cxd5 19. Bxf4 exf4 20. Qxf4 dxe4 21. Nxe4 Nxe4 22. Bxe4 Ra7 23. Nd4 d5 24. Bxd5 Rxe1+ 25. Rxe1 Bxh3 26. Bb3 g5 27. Nc6 Qd7 28. Qe4 Bf5 29. Qe3 Rc7 30. Nd4 Bg6 31. Nf3 Bg7 32. Ne5 Qd6 33. Nxg6 Qxg6 34. Qe8+ Kh7 35. Qxb5 Bxb2 36. Bd5 Qf6 37. g3 Bd4 38. Re2 Qd6 39. Qd3+ Qg6 40. Be4 1-0